AoeStats
← Mr. Penis

Nomad

508832536Analyzed
4v4 RM · 7d ago on Sep 24, 2026· 45m 12s· 8 players
Game mode
Random Map
Map size
231×231
Population
200
Speed
Normal
Resources
Standard
Victory
Conquest
Starting age
Dark Age
Ending age
Imperial Age
RankedLock teamsTeams togetherTeam positionsShared explorationLock speedFull tech treeHidden civsTurbo modeCheats
Victory
Defeat
🇷🇺 Jurchens · Russia
1252
+15
🇳🇨 Vietnamese · New Caledonia
1234
+16
🇹🇷 Dravidians · Türkiye
1219
+17
🇫🇷 Varangians · France
1196
+18
🇳🇴 Vikings · Norway
1252
-17
🇨🇳 Gurjaras · China
1250
-17
🇦🇷 Huns · Argentina
1235
-16
🇨🇳 Franks · China
1218
-16
Boy oh boy
9:38 Loom
12:21 Feudal Age
14:59 Double-Bit Axe
17:59 Fletching
26:40 Castle Age
26:45 Crossbowman
27:20 Bodkin Arrow
30:40 Scale Mail Armor
36:50 Chain Mail Armor
38:27 Squires
38:13 Arson
41:10 Wheelbarrow
41:12 Horse Collar
41:51 Hand Cart
41:21 Town Watch
Mr. Penis
4:30 Loom
13:15 Feudal Age
19:05 Castle Age
16:54 Double-Bit Axe
16:59 Fishing Lines
18:54 Horse Collar
20:24 Bow Saw
21:07 Wheelbarrow
22:01 Gold Mining
39:00 Fletching
39:42 Bodkin Arrow
40:32 Siege Engineers
41:13 Hand Cart
40:43 Town Watch
43:03 Gillnets
45:11 Heavy Plow
47:44 Imperial Age
K1ller401
6:54 Loom
12:58 Feudal Age
13:38 Double-Bit Axe
15:16 Horse Collar
21:04 Wheelbarrow
20:57 Stone Mining
24:52 Castle Age
24:02 Gold Mining
24:19 Scale Barding Armor
24:27 Bloodlines
25:57 Bow Saw
25:57 Husbandry
26:45 Heavy Plow
32:01 Forging
36:11 Chain Barding Armor
42:59 Imperial Age
43:13 Hand Cart
43:19 Hand Cart
44:49 Conscription
45:06 Elite Jarl
chakar
4:53 Loom
14:33 Feudal Age
15:55 Double-Bit Axe
16:16 Gold Mining
19:01 Castle Age
17:02 Horse Collar
18:25 Fletching
21:13 Bow Saw
21:44 Bodkin Arrow
22:01 Medium Warships
21:47 Fishing Lines
22:19 Stone Mining
24:26 Wheelbarrow
23:43 Gillnets
24:04 Town Watch
24:52 Heavy Plow
25:58 Hand Cart
29:20 Ballistics
29:13 Masonry
29:51 Padded Archer Armor
30:07 Masonry
32:10 Pikeman
32:51 Scale Mail Armor
35:24 Imperial Age
33:17 Squires
34:43 Chain Mail Armor
36:31 Conscription
37:28 Two-Man Saw
36:45 Guilds
37:50 Elite Elephant Archer
38:32 Bracer
40:23 Leather Archer Armor
41:12 Chemistry
41:06 Thumb Ring
41:13 Halberdier
41:41 Gambesons
41:17 Man-at-Arms
41:43 Arson
43:20 Ring Archer Armor
42:53 Husbandry
43:46 Plate Mail Armor
43:27 Forging
45:21 Murder Holes
Gin
4:24 Loom
14:14 Feudal Age
18:51 Fletching
24:14 Castle Age
22:40 Padded Archer Armor
25:06 Town Watch
25:06 Horse Collar
26:27 Bodkin Arrow
28:22 Crossbowman
30:52 Double-Bit Axe
31:58 Bow Saw
31:48 Heavy Plow
40:38 Leather Archer Armor
MERA_elBalma
6:16 Loom
14:40 Feudal Age
15:39 Feudal Age
19:32 Castle Age
18:12 Scale Barding Armor
18:46 Stone Mining
18:44 Double-Bit Axe
28:51 Gold Mining
30:50 Chain Barding Armor
31:54 Town Watch
32:51 Bloodlines
34:35 Forging
muui
3:29 Loom
14:17 Feudal Age
15:07 Town Watch
17:17 Wheelbarrow
22:41 Castle Age
20:45 Double-Bit Axe
21:30 Horse Collar
27:52 Bloodlines
28:04 Man-at-Arms
35:32 Heavy Plow
35:50 Bow Saw
41:13 Gold Mining
41:13 Stone Mining
41:53 Husbandry
41:13 Light Cavalry
42:16 Forging
42:22 Scale Barding Armor
43:48 Gold Shaft Mining
43:48 Stone Shaft Mining
44:49 Hand Cart
44:48 Kshatriyas
一一
3:42 Loom
16:50 Feudal Age
19:02 Fishing Lines
21:36 Castle Age
19:22 Town Watch
23:46 Husbandry
24:51 Scale Barding Armor
24:57 Forging
25:01 Gillnets
28:44 Chain Barding Armor
29:00 Iron Casting
30:05 Wheelbarrow
29:41 Gold Mining
31:44 Medium Warships
31:34 Double-Bit Axe
32:37 Bow Saw
35:00 Hand Cart
40:05 Imperial Age
38:58 Fletching
39:29 Town Patrol
40:57 Cavalier
42:12 Bodkin Arrow
43:40 Paladin
Connection lost

Rejoining the realm…

Still unreachable

The connection could not be restored.

Session expired

The server has moved on; the page needs a fresh start.